 Seeded DCSS version 0.30-a0-365-ge7f957f1db (webtiles) character file.

Game seed: 12630042016746179692 (custom seed)

1102 flotson the Trooper (level 8, -2/58 (61) HPs)
             Began as a Demonspawn Delver on Nov 18, 2022.
             Was an Initiate of Gozag.
             Slain by a gnoll
             ... wielding a +1 halberd of venom
             ... led by a gnoll sergeant
              (7 damage)
             ... on level 6 of the Dungeon.
             The game lasted 00:09:42 (5202 turns).

flotson the Trooper (Demonspawn Delver)             Turns: 5202, Time: 00:09:43

HP:   -2/58 (61)    AC:  6    Str: 14    XL:     8   Next: 10%
MP:   8/8           EV: 13    Int: 11    God:    Gozag
Gold: 228           SH:  0    Dex: 18    Spells: 7/7 levels left

rFire   + . .      SeeInvis .    a - +0 bardiche
rCold   . . .      Faith    .    (shield currently unavailable)
rNeg    . . .      Spirit   .    p - +3 leather armour
rPois   .          Reflect  .    (no helmet)
rElec   .          Harm     .    (no cloak)
rCorr   .          Rampage  .    (no gloves)
Will    .....                    (no boots)
Stlth   ++++......               (no amulet)
HPRegen 0.29/turn                q - ring of protection from fire
MPRegen 0.11/turn                (no ring)

@: lightly drained
A: thin skeletal structure 1, demonic guardian 2, demonic touch 1
a: Renounce Religion, Potion Petition, Call Merchant, Bribe Branch


You were on level 6 of the Dungeon.
You worshipped Gozag.
Gozag was aware of your devotion.
You visited 2 branches of the dungeon, and saw 7 of its levels.

You collected 346 gold pieces.
You spent 62 gold pieces at shops.
You paid 56 gold pieces to Gozag.

Inventory:

Hand Weapons
 a - a +0 bardiche (weapon)
 b - the +7 spear of Evisceration {pain, Int-2 Dex+2 Stlth+}
   (You found it on level 2 of the Dungeon)

   In the hands of one skilled in necromantic magic, it inflicts extra damage on
   living creatures.
   Int:       It affects your intelligence (-2).
   Dex:       It affects your dexterity (+2).
   Stlth:     It makes you more stealthy.
Missiles
 l - 2 javelins
 t - 2 throwing nets (quivered)
 E - 10 poisoned darts
Armour
 p - a +3 leather armour (worn)
Jewellery
 q - a ring of protection from fire (left hand)
Wands
 g - a wand of digging (6)
 w - a wand of polymorph (9)
 y - a wand of mindburst (4)
Scrolls
 c - a scroll of fog
 e - a scroll of fear
 j - 2 scrolls of noise {unknown}
 m - 4 scrolls of teleportation {unknown}
 o - 4 scrolls of identify {unknown}
 r - 2 scrolls of torment {unknown}
 s - a scroll of enchant weapon {unknown}
 v - a scroll of summoning {unknown}
 x - 2 scrolls of butterflies {unknown}
 D - 2 scrolls of immolation {unknown}
Potions
 d - 3 potions of curing
 f - a potion of haste
 h - a potion of degeneration {unknown}
 i - 2 potions of lignification {unknown}
 k - 3 potions of mutation {unknown}
 n - a potion of cancellation {unknown}
 u - 2 potions of magic {unknown}
 z - a potion of brilliance {unknown}
 A - 2 potions of heal wounds {unknown}
 B - a potion of resistance {unknown}
 C - 2 potions of might {unknown}


   Skills:
 + Level 4.9 Fighting
 + Level 3.9 Polearms
 + Level 3.0 Throwing
 + Level 3.1 Armour
 + Level 3.9 Dodging
 - Level 4.5 Stealth
 + Level 3.8 Evocations


You had 7 spell levels left.
You didn't know any spells.
Your spell library contained the following spells:

 Spells                   Type           Power      Damage    Failure   Level
 Petrify                  Tmut/Erth      0%         N/A       99%         4
 Metabolic Englaciation   Hex/Ice        0%         N/A       100%        5
 Statue Form              Tmut/Erth      0%         N/A       100%        6


Dungeon Overview and Level Annotations

Branches:
Dungeon (6/15)             Temple (1/1) D:4

Altars:
Cheibriados
Dithmenos
Fedhas
Gozag
Hepliaklqana
Kikubaaqudgha
Makhleb
Nemelex Xobeh
Okawaru
Qazlal
Trog
Uskayaw
Vehumet
Wu Jian
Xom
Yredelemnul

Shops:
D:1 [   D:3 *


Innate Abilities, Weirdness & Mutations

You have a somewhat thin skeletal structure. (Dex +2, Stealth+)
A demonic guardian rushes to your aid.
Your touch may inflict minor irresistible damage on your foes.


Message History

The gnoll closely misses you.
The gnoll sergeant hits you from afar with a +3 spear!
The gnoll sergeant barely misses you. The gnoll closely misses you.
You barely miss the gnoll. The gnoll barely misses you.
The gnoll hits you from afar with a +1 halberd of venom!
You are poisoned.
The gnoll sergeant barely misses you.
The gnoll is distracted by your dazzling golden aura.
The gnoll shouts!
You are too injured to fight recklessly!
You are too injured to fight recklessly!
You are too injured to fight recklessly!
Unknown command.
You feel very sick. The gnoll sergeant misses you.
You feel very sick. The gnoll attacks as you move away!
The gnoll hits you but does no damage.
You feel very sick.
You feel sick.
You feel sick. The gnoll attacks as you move away!
The gnoll hits you with a +0 club.
* * * LOW HITPOINT WARNING * * *
You feel sick.
You feel sick.
You see here a +0 ring mail.
You feel sick. The gnoll attacks as you move away!
The gnoll hits you with a +0 club.
* * * LOW HITPOINT WARNING * * *
You feel sick.
A wight comes into view. It is wielding a +0 war axe.
As you read the scroll of fear, it crumbles to dust.
You assume a fearsome visage.
The gnoll sergeant looks frightened!
The gnoll looks frightened!
The wight is unaffected.
You feel sick.
A wight comes into view. It is wielding a +0 battleaxe.
You feel sick.
You are no longer poisoned.
A wight comes into view. It is wielding a +5 hand axe.
The gnoll hits you from afar with a +1 halberd of venom!
You die...
Your body crumbles into a pile of gold.

#......#.###.....#
##.[...#.....####.. #
#......#.g....# #.
##.....#.....#...
.####.###.#.gg...# ..
# ..#.....###.....#
#.#.#.....z#g###.#...
#...#.....#.....###..
#.##......#...@..# ##
# ##.....#z.<..#.....
##.###.#......# ....
#.....###z....# ..
#......#.###.#...
#.....#.....###..
#......#..... ###
##.....#.....#
#.###.#......#


You could see 3 wights and a gnoll.

Vanquished Creatures
  A wyvern (D:5)
  An ice beast (D:4)
  A centaur (D:5)
  3 phantoms
  2 necrophages
  A scorpion (D:4)
  2 orc priests (D:4)
  An iguana (D:5)
  2 gnolls
  6 adders
  An ufetubus (D:4)
  2 worms (D:2)
  2 dart slugs
  6 orcs
  5 ball pythons
  9 endoplasms
  A giant cockroach (D:1)
  4 goblins
  2 hobgoblins (D:3)
  2 jackals (D:1)
  13 kobolds
  5 quokkas
  4 bats
  A frilled lizard (D:1)
  3 rats
80 creatures vanquished.

Vanquished Creatures (collateral kills)
  An orc priest (D:5)
  An orc wizard (D:5)
  Ijyb (D:4)
  A statue (D:4)
  An adder (D:4)
  3 gnolls (D:5)
  4 orcs (D:5)
  2 endoplasms
  A kobold (D:1)
15 creatures vanquished.

Vanquished Creatures (others)
  A fungus (D:1)
  2 plants (D:1)
3 creatures vanquished.

Grand Total: 98 creatures vanquished

Notes
Turn   | Place    | Note
-------+----------+-------------------------------------------
     0 | D:5      | flotson the Demonspawn Delver began the quest for the Orb.
     0 | D:5      | Reached XP level 1. HP: 18/18 MP: 1/1
     4 | D:5      | Noticed a necrophage
    43 | D:4      | Noticed an orc priest
    48 | D:4      | Noticed a phantom
   132 | D:2      | Gained mutation: A weak demonic guardian rushes to your
                  | aid. [demonic ancestry]
   132 | D:2      | Reached XP level 2. HP: 23/24 MP: 2/2
   213 | D:1      | Reached skill level 1 in Evocations
   444 | D:1      | Found a faded altar of an unknown god.
   454 | D:1      | Gained mutation: A demonic guardian rushes to your aid.
                  | [demonic ancestry]
   454 | D:1      | Reached XP level 3. HP: 29/29 MP: 3/3
   746 | D:1      | Found Pukoo's Armour Shop.
  1072 | D:2      | Found a basalt altar of Yredelemnul.
  1206 | D:2      | Reached XP level 4. HP: 35/35 MP: 4/4
  1232 | D:2      | Identified the +7 spear of Evisceration {pain, Int-2 Dex+2
                  | Stlth+}
  1934 | D:3      | Found Okhusm's Assorted Antiques.
  1940 | D:3      | Bought a coppery potion for 14 gold pieces
  1940 | D:3      | Bought 3 scrolls labelled DAEHOMM GEPRUU for 48 gold pieces
  2479 | D:4      | Reached skill level 1 in Armour
  2484 | D:4      | Noticed a scorpion
  2499 | D:4      | Noticed Ijyb
  2571 | D:4      | Reached skill level 1 in Throwing
  2571 | D:4      | Reached XP level 5. HP: 37/41 MP: 5/5
  2583 | D:4      | Killed a phantom
  2666 | D:4      | Killed Ijyb
  2667 | D:4      | Reached XP level 6. HP: 34/48 MP: 6/6
  2900 | D:4      | Found a radiant altar of Vehumet.
  2905 | D:4      | Noticed an ice beast
  2908 | D:4      | Killed an ice beast
  2919 | D:4      | Found a staircase to the Ecumenical Temple.
  2944 | Temple   | Entered the Ecumenical Temple
  3133 | Temple   | Became a worshipper of Gozag Ym Sagoz the Greedy
  3259 | D:4      | Found an iron altar of Okawaru.
  3484 | D:5      | Gained mutation: Your touch may inflict minor irresistible
                  | damage on your foes. [demonic ancestry]
  3484 | D:5      | Reached XP level 7. HP: 42/54 MP: 7/7
  4004 | D:5      | Found an ornate altar of the Wu Jian Council.
  4014 | D:5      | Found an ancient bone altar of Kikubaaqudgha.
  4202 | D:5      | Identified the +0 chain mail "Ycuronka" {Will+}
  4317 | D:5      | Noticed a wyvern
  4319 | D:5      | Killed a wyvern
  4759 | D:4      | Found a staircase to the Ecumenical Temple.
  4812 | D:4      | Gained mutation: You have a somewhat thin skeletal
                  | structure. (Dex +2, Stealth+) [demonic ancestry]
  4812 | D:4      | Reached XP level 8. HP: 53/55 MP: 8/8
  4859 | D:4      | Found an iron altar of Okawaru.
  4986 | D:4      | Found a radiant altar of Vehumet.
  5202 | D:6      | Slain by a gnoll

Illustrated notes

Levels and vault maps discovered:
D:1:      dpeg_arrival_three_same_balls, layout_loops_ring, serial_shops,
          nicolae_shop_competitors_out_of_business, shapermc_ecumenical_altar_gd
D:2:      layout_basic, basic_altar
D:3:      layout_basic, serial_shops, nicolae_shop_overgrown_old_shop
D:4:      layout_cave_pools, mainiacjoe_overflow_surrounded_room,
          vehumet_statue, temple_pool_b, uniq_ijyb
D:5:      layout_basic, amethyst_overflow_temple_binary
D:6:      nicolae_BIG_FREAKIN_CUBE, layout_basic, ashenzari_altar_1,
          minmay_diced_spiral
Temple:   nicolae_temple_bog_church

Skill      XL: |  1  2  3  4  5  6  7  8 |
---------------+-------------------------+-----
Polearms       | 2 3 |  3.9
Dodging        | 2 3 |  3.9
Evocations     | 1 2 3 |  3.8
Armour         | 1 2 3 |  3.1
Throwing       | 1 2 3 |  3.0
Fighting       | 4 |  4.9
Stealth        | |  4.5

Action                   |  1- 3 |  4- 6 |  7- 9 || total
-------------------------+-------+-------+-------++-------
Melee: Bardiche          |   114 |    40 |    75 ||   229
       Spear             |       |    49 |       ||    49
Throw: Javelin           |       |       |     2 ||     2
Evoke: Wand              |       |     5 |     2 ||     7
  Use: Scroll            |     1 |       |     1 ||     2
       Potion            |       |     1 |     1 ||     2
 Stab: Sleeping          |     1 |     9 |     3 ||    13
       Distracted        |       |     1 |     1 ||     2
Armor: Chain mail        |    83 |       |       ||    83
       Leather armour    |     2 |    21 |    40 ||    63
Dodge: Dodged            |    60 |    39 |    81 ||   180

Table legend: (Time is in decaauts)
 A = Elapsed time spent in this place.
 B = Non-inter-level travel time spent in this place.
 C = Inter-level travel time spent in this place.
 D = Time resting spent in this place.
 E = Time spent auto-exploring this place.
 F = Levels seen in this place.
 G = Mean time per level.
                   A        B        C        D        E       F      G
               +--------+--------+--------+--------+--------+-----+--------+
         Total |   5371 |   5086 |    285 |    152 |   3830 |   7 |  767.3 |
       Dungeon |   5159 |   4894 |    265 |    152 |   3654 |   6 |  859.8 |
        Temple |    211 |    192 |     19 |      0 |    175 |   1 |  211.0 |
               +--------+--------+--------+--------+--------+-----+--------+

Top non-repeatable levels by time:
     D:4: 1390 daAuts
     D:5: 1120 daAuts
     D:1: 1040 daAuts
     D:3: 930 daAuts
     D:2: 622 daAuts
  Temple: 211 daAuts
     D:6: 55 daAuts
